 Dungeon Crawl Stone Soup version 0.31-a0-175-g9f7f995f2b (console) character file.

Game seed: 4621653171393747596

642 jejorda2 the Cudgeller (level 7, -4/60 HPs)
             Began as a Gnoll Berserker on June 16, 2023.
             Was a Priest of Trog.
             Slain by an orc
             ... wielding a +0 war axe
              (11 damage)
             ... on level 5 of the Dungeon.
             The game lasted 00:10:08 (4342 turns).

jejorda2 the Cudgeller (Gnoll Berserker)            Turns: 4342, Time: 00:10:10

Health: -4/60      AC:  0    Str: 18    XL:     7   Next: 51%
Magic:  10/10      EV:  9    Int:  7    God:    Trog [***...]
Gold:   208        SH:  0    Dex: 11    Spells: 11/11 levels left

rFire   . . .        a - +0 flail
rCold   . . .        (no shield)
rNeg    . . .        q - +0 chain mail
rPois   .            g - +0 helmet
rElec   .            (no cloak)
rCorr   .            (no gloves)
SInv    .            (no boots)
Will    ++...        (no amulet) Stlth
                     (no ring)
HPRegen 1.30/turn    (no ring)
MPRegen 0.12/turn

%: no passive effects
@: strong-willed (expiring), corroded, on berserk cooldown, regenerating
(expiring), slowed, very slow
A: fangs 1, strong nose, distributed training
a: Renounce Religion, Berserk, Trog's Hand


You were on level 5 of the Dungeon.
You worshipped Trog.
Trog was most pleased with you.
You visited 1 branch of the dungeon, and saw 5 of its levels.

You collected 208 gold pieces.

Inventory:

Hand Weapons
 a - a +0 flail (weapon)
Missiles
 c - 46 stones
 o - a throwing net
 p - 8 atropa-tipped darts
 s - 3 boomerangs
 t - 4 javelins
Armour
 g - a +0 helmet (worn)
 q - a +0 chain mail (worn)
Jewellery
 e - a ring of fire
Wands
 i - a wand of iceblast (6)
Scrolls
 d - a scroll of immolation {unknown}
 h - a scroll of poison
Potions
 b - a potion of haste {unknown}
 f - a potion of heal wounds
 j - 4 potions of curing {unknown}
 k - a potion of attraction {unknown}
 l - a potion of ambrosia {unknown}
 m - a potion of might {unknown}
 n - 3 potions of mutation {unknown}
 r - a potion of degeneration {unknown}


   Skills:
 + Level 7.1 Fighting
 + Level 2.6 Short Blades
 + Level 2.6 Long Blades
 + Level 2.6 Axes
 + Level 7.1 Maces & Flails
 + Level 2.6 Polearms
 + Level 2.6 Staves
 + Level 2.6 Ranged Weapons
 + Level 2.6 Throwing
 + Level 5.3 Armour
 + Level 5.3 Dodging
 + Level 2.6 Stealth
 + Level 2.6 Shields
 + Level 2.6 Unarmed Combat
 + Level 2.6 Spellcasting
 + Level 2.1 Conjurations
 + Level 2.1 Hexes
 + Level 2.1 Summonings
 + Level 2.1 Necromancy
 + Level 2.1 Translocations
 + Level 2.1 Transmutations
 + Level 2.1 Fire Magic
 + Level 2.1 Ice Magic
 + Level 2.1 Air Magic
 + Level 2.1 Earth Magic
 + Level 2.1 Poison Magic
 + Level 2.9 Invocations
 + Level 2.6 Evocations


You had 11 spell levels left.
You didn't know any spells.
Your spell library was empty.

Dungeon Overview and Level Annotations

Branches:
Dungeon (5/15)
 Temple: D:4-7

Altars:
Hepliaklqana
Okawaru
Xom


Innate Abilities, Weirdness & Mutations

You have very sharp teeth.
Your uncanny sense of smell can sniff out nearby items.
Your experience applies equally to all skills.


Message History

You feel sick. The orc barely misses you.
You hit the orc but do no damage. You punch the orc.
The orc is lightly wounded.
You feel sick. The orc closely misses you.
You closely miss the orc.
The orc is lightly wounded.
You feel sick.
You are no longer poisoned.
The orc barely misses you. x2
Your skin crawls.
You feel strong-willed. The orc hits you with a +0 dagger.
You sock the orc!
You kill the orc!
Trog accepts your kill. The ufetubus misses you.
The ufetubus barely misses you. The ufetubus closely misses you.
The ufetubus barely misses you.
You sock the ufetubus!
You kill the ufetubus!
Trog accepts your kill.
You hit the orc but do no damage. The orc hits you with a +0 war axe!
The orc hits you with a +0 war axe.
You hit the orc.
The orc is lightly wounded.
The orc hits you with a +0 war axe!
* * * LOW HITPOINT WARNING * * *
The orc hits you with a +0 war axe.
* * * LOW HITPOINT WARNING * * *
You barely miss the orc. Your punch misses the orc.
You bite the orc, but do no damage.
The orc is lightly wounded.
The orc hits you with a +0 war axe!
* * * LOW HITPOINT WARNING * * *
You hit the orc.
The orc is severely wounded.
You feel the effects of Trog's Hand fading.
The orc hits you with a +0 war axe.
* * * LOW HITPOINT WARNING * * *
The orc hits you with a +0 war axe!
You die...

#########....
∆.)..........
##.[....... ∆#
......... .#
.###...... #.##
.........####...###
........##$.†5$...[
#.. #.†.##o#
###..+# ###.†#@##
.#..... ##....#
.......
##(.##∆##.......
#...###........∆
#....#.........
##+#...........
#####+#..#........
#.................
#.<.........###...


You could see an orc.

Vanquished Creatures
  4 scorpions
  A howler monkey (D:3)
  A hound (D:4)
  A jelly (D:5)
  2 iguanas
  An orc wizard (D:4)
  3 gnolls (D:4)
  10 adders
  An ufetubus (D:5)
  3 dart slugs
  15 orcs
  6 ball pythons
  5 bats
  4 endoplasms
  A giant cockroach (D:2)
  7 goblins
  12 hobgoblins
  5 kobolds
  4 quokkas
  4 frilled lizards
  11 rats
101 creatures vanquished.

Notes
Turn   | Place    | Note
-------+----------+-------------------------------------------
     0 | D:1      | jejorda2 the Gnoll Berserker began the quest for the Orb.
     0 | D:1      | Reached XP level 1. HP: 23/23 MP: 1/1
   113 | D:1      | Reached XP level 2. HP: 29/29 MP: 2/2
   769 | D:1      | Reached XP level 3. HP: 34/35 MP: 3/3
  1042 | D:2      | Reached ** piety under Trog
  1106 | D:2      | Found a hazy altar of Hepliaklqana.
  1118 | D:2      | Reached skill level 1 in Invocations
  1192 | D:2      | Reached skill level 1 in Short Blades
  1192 | D:2      | Reached skill level 1 in Long Blades
  1192 | D:2      | Reached skill level 1 in Axes
  1192 | D:2      | Reached skill level 1 in Polearms
  1192 | D:2      | Reached skill level 1 in Staves
  1192 | D:2      | Reached skill level 1 in Ranged Weapons
  1192 | D:2      | Reached skill level 1 in Throwing
  1192 | D:2      | Reached skill level 1 in Stealth
  1192 | D:2      | Reached skill level 1 in Shields
  1192 | D:2      | Reached skill level 1 in Unarmed Combat
  1192 | D:2      | Reached skill level 1 in Spellcasting
  1192 | D:2      | Reached skill level 1 in Evocations
  1328 | D:2      | You fall into a shaft and drop 1 floor!
  1454 | D:3      | Reached XP level 4. HP: 37/41 MP: 5/5
  1466 | D:3      | Reached skill level 1 in Conjurations
  1466 | D:3      | Reached skill level 1 in Hexes
  1466 | D:3      | Reached skill level 1 in Summonings
  1466 | D:3      | Reached skill level 1 in Necromancy
  1466 | D:3      | Reached skill level 1 in Translocations
  1466 | D:3      | Reached skill level 1 in Transmutations
  1466 | D:3      | Reached skill level 1 in Fire Magic
  1466 | D:3      | Reached skill level 1 in Ice Magic
  1466 | D:3      | Reached skill level 1 in Air Magic
  1466 | D:3      | Reached skill level 1 in Earth Magic
  1466 | D:3      | Reached skill level 1 in Poison Magic
  1513 | D:3      | Reached XP level 5. HP: 47/47 MP: 5/7
  2105 | D:3      | Found a shimmering altar of Xom.
  2107 | D:3      | Found an iron altar of Okawaru.
  3384 | D:4      | Reached XP level 6. HP: 35/53 MP: 8/8
  3390 | D:4      | Reached skill level 5 in Armour
  3390 | D:4      | Reached skill level 5 in Dodging
  3579 | D:4      | Reached *** piety under Trog
  3834 | D:4      | Reached XP level 7. HP: 29/60 MP: 10/10
  4178 | D:5      | Entered Level 5 of the Dungeon
  4342 | D:5      | Slain by an orc

Illustrated notes

Levels and vault maps discovered:
D:1:      ncdulo_wetmaze, layout_loops_corners, chequers_serial_rivers_micro_a,
          serial_bayou_crossing
D:2:      layout_basic, basic_altar, minmay_crystal_room
D:3:      layout_loops_ring, nicolae_overflow_hidden_temple, serial_forest,
          infiniplex_forest_straight_2, infiniplex_forest_lined_2,
          infiniplex_forest_lined_ring, infiniplex_forest_end_1,
          infiniplex_forest_corner_2
D:4:      layout_rooms
D:5:      lemuel_ice_spiral_2, layout_basic, minmay_fractal_squares_gapless_5

Skill      XL: |  1  2  3  4  5  6  7 |
---------------+----------------------+-----
Invocations    | 1 2 |  2.9
Short Blades   | 1 2 |  2.6
Long Blades    | 1 2 |  2.6
Axes           | 1 2 |  2.6
Polearms       | 1 2 |  2.6
Staves         | 1 2 |  2.6
Ranged Weapons | 1 2 |  2.6
Throwing       | 1 2 |  2.6
Stealth        | 1 2 |  2.6
Shields        | 1 2 |  2.6
Unarmed Combat | 1 2 |  2.6
Spellcasting   | 1 2 |  2.6
Evocations     | 1 2 |  2.6
Conjurations   | 1 2 |  2.1
Hexes          | 1 2 |  2.1
Summonings     | 1 2 |  2.1
Necromancy     | 1 2 |  2.1
Translocations | 1 2 |  2.1
Transmutations | 1 2 |  2.1
Fire Magic     | 1 2 |  2.1
Ice Magic      | 1 2 |  2.1
Air Magic      | 1 2 |  2.1
Earth Magic    | 1 2 |  2.1
Poison Magic   | 1 2 |  2.1
Armour         | 5 |  5.3
Dodging        | 5 |  5.3
Fighting       | 7 |  7.1
Maces & Flails | 7 |  7.1

Action                     |  1- 3 |  4- 6 |  7- 9 || total
---------------------------+-------+-------+-------++-------
  Melee: Mace              |    77 |   194 |       ||   271
         Bite              |     4 |    37 |     5 ||    46
         Punch             |     1 |     9 |     2 ||    12
         Flail             |       |    94 |    42 ||   136
 Invoke: Berserk           |       |     6 |     2 ||     8
         Trog's Hand       |       |     2 |     1 ||     3
    Use: Scroll            |       |     3 |       ||     3
         Potion            |       |     1 |     1 ||     2
   Stab: Sleeping          |     1 |       |       ||     1
 Armour: Animal skin       |    18 |     5 |       ||    23
         Chain mail        |       |    76 |     8 ||    84
         Scale mail        |       |     4 |       ||     4
  Dodge: Dodged            |    43 |   113 |    15 ||   171

Table legend: (Time is in decaauts)
 A = Elapsed time spent in this place.
 B = Non-inter-level travel time spent in this place.
 C = Inter-level travel time spent in this place.
 D = Time resting spent in this place.
 E = Time spent auto-exploring this place.
 F = Levels seen in this place.
 G = Mean time per level.
                   A        B        C        D        E       F      G
               +--------+--------+--------+--------+--------+-----+--------+
         Total |   4433 |   4094 |    339 |    494 |   2687 |   5 |  886.6 |
       Dungeon |   4433 |   4094 |    339 |    494 |   2687 |   5 |  886.6 |
               +--------+--------+--------+--------+--------+-----+--------+

Top non-repeatable levels by time:
     D:4: 1178 daAuts
     D:2: 1078 daAuts
     D:3: 1075 daAuts
     D:1: 927 daAuts
     D:5: 173 daAuts
